 Dungeon Crawl Stone Soup version 0.24-a0-530-g18ba70b503 (webtiles) character file.

Game seed: 7431494447618432909

1515 Arang the Covered (level 9, -1/66 HPs)
             Began as a Formicid Hunter on Aug 7, 2019.
             Was a Believer of Okawaru.
             Slain by a three-headed hydra (7 damage)
             ... on level 6 of the Dungeon.
             The game lasted 00:22:17 (7339 turns).

Arang the Covered (Formicid Hunter)                 Turns: 7339, Time: 00:22:18

Health: -1/66      AC: 13    Str: 21    XL:     9   Next: 9%
Magic:  11/11      EV:  8    Int: 10    God:    Okawaru [**....]
Gold:   242        SH:  0    Dex: 13    Spells: 8/8 levels left

rFire    . . .     SeeInvis +   b - +2 war axe (flame)
rCold    + . .     Gourm    .   (no shield)
rNeg     . . .     Faith    .   p - +0 chain mail {rC+}
rPois    .         Spirit   .   (helmet unavailable)
rElec    .         Reflect  .   g - +0 cloak
rCorr    .         Harm     .   (no gloves)
MR       .....                  k - +0 pair of boots
Stlth    ..........             (no amulet)
HPRegen  0.21/turn              j - +2 ring of dexterity
MPRegen  0.12/turn              (no ring)

@: lightly drained
A: permanent stasis, dig shafts and tunnels, four strong arms, antennae 3
a: Dig, Shaft Self, Heroism, Renounce Religion


You were on level 6 of the Dungeon.
You worshipped Okawaru.
Okawaru was pleased with you.
You were not hungry.

You visited 1 branch of the dungeon, and saw 6 of its levels.

You collected 242 gold pieces.

Inventory:

Hand Weapons
 a - a +1 hand crossbow
 b - a +2 war axe of flaming (weapon)
 l - a +0 war axe
 B - a +0 flail of protection
Missiles
 d - 28 bolts
 q - 219 stones (quivered)
Armour
 c - a +0 leather armour
 g - a +0 cloak (worn)
 k - a +0 pair of boots (worn)
 p - a +0 chain mail of cold resistance (worn)
Jewellery
 j - a +2 ring of dexterity (left hand)
Wands
 A - a wand of iceblast (5)
 G - a wand of paralysis (6)
Scrolls
 h - 2 scrolls of immolation {unknown}
 o - 6 scrolls of identify {unknown}
 r - a scroll of teleportation {unknown}
 t - a scroll of random uselessness {unknown}
 v - 4 scrolls of enchant armour {unknown}
 w - a scroll of fog {unknown}
 x - 3 scrolls of remove curse {unknown}
 y - a scroll of magic mapping {unknown}
 C - a scroll of fear {unknown}
 F - a scroll of amnesia {unknown}
Potions
 e - 2 potions of flight {unknown}
 i - a potion of mutation {unknown}
 m - 2 potions of ambrosia {unknown}
 n - 3 potions of heal wounds {unknown}
 s - a potion of lignification {unknown}
 u - 4 potions of curing {unknown}
 z - a potion of resistance {unknown}
 E - a potion of berserk rage {unknown}
 H - a potion of brilliance {unknown}
Comestibles
 f - 10 rations
 I - 5 chunks of flesh


   Skills:
 + Level 4.7(4.4) Fighting
   Level 0.1(0.0) Short Blades
 * Level 4.1(3.7) Axes
 + Level 6.5(6.1) Crossbows
 * Level 7.3(6.9) Armour
 - Level 1.7(1.4) Dodging
 - Level 1.2(0.9) Stealth
 * Level 2.8(2.5) Invocations


You had 8 spell levels left.
You didn't know any spells.
Your spell library was empty.

Dungeon Overview and Level Annotations

Branches:
Dungeon (6/15)             Temple (0/1) D:4

Altars:
Elyvilon
Okawaru
Vehumet
Wu Jian
Xom

Shops:
D:4 =

Annotations:
D:1 exclusion: downstairs
D:3 exclusion: 2 downstairs
D:4 2 transporters, Necrophagist's ghost, amateur GrFi
D:5 exclusion: 2 downstairs


Innate Abilities, Weirdness & Mutations

You cannot be hasted, slowed, berserked, paralysed or teleported.
You can dig through walls and to a lower floor.
Your four strong arms can wield two-handed weapons with a shield.
You have a pair of large antennae on your head. (SInv)


Message History

You burn the three-headed hydra.
The three-headed hydra is lightly wounded.
The three-headed hydra bites you!
The three-headed hydra bites you but does no damage. x2
Unknown command.
You barely miss the three-headed hydra.
The three-headed hydra is lightly wounded.
The three-headed hydra bites you but does no damage. x2
The three-headed hydra bites you. The three-headed hydra bites you!
The three-headed hydra bites you.
* * * LOW HITPOINT WARNING * * *
The three-headed hydra bites you.
* * * LOW HITPOINT WARNING * * *
Your chain mail prevents you from hitting the three-headed hydra.
The three-headed hydra is lightly wounded.
The three-headed hydra bites you but does no damage.
The three-headed hydra bites you!
* * * LOW HITPOINT WARNING * * *
The three-headed hydra bites you!
You die...

.......................##...
...###.#...#.#...##..####...
.. ##.#...#.######....##... .
...#...#.# #....>..##
#..#...#.# #.##.#..#
.......#.# #.......##
##.##.(......# #.##......
.....<(.....## #.####.###
#......###@# #.####.###
#..#.(.###D# #........#
...$..#...##.##### ########.#
.................# #.#
.....##..###)###.#### #####..
...........))................
...........[.................
≈.≈≈.≈.≈.....≈.≈≈..≈.≈≈≈≈≈≈.≈
≈≈≈≈≈≈≈≈.....≈≈≈≈≈≈≈≈≈≈≈≈≈≈≈≈


You could see a three-headed hydra.

Vanquished Creatures
  A water moccasin (D:6)
  2 ogres
  2 sky beasts
  A bullfrog (D:6)
  8 wights (D:6)
  A howler monkey (D:5)
  An electric eel (D:6)
  5 crimson imps
  A bullfrog zombie (D:5)
  A centaur skeleton (D:4)
  An orc priest (D:4)
  2 orc wizards (D:3)
  A worker ant (D:6)
  An iguana (D:6)
  A hound skeleton (D:6)
  7 adders
  A shadow imp (D:5)
  An ooze (D:1)
  2 worms (D:2)
  A leopard gecko (D:4)
  19 orcs
  9 bats
  7 giant cockroaches
  10 goblins
  12 hobgoblins
  7 jackals
  7 kobolds
  4 quokkas
  2 ball pythons
  4 frilled lizards
  A quokka skeleton (D:4)
  29 rats
152 creatures vanquished.

Notes
Turn   | Place    | Note
-------+----------+-------------------------------------------
     0 | D:1      | Arang the Formicid Hunter began the quest for the Orb.
     0 | D:1      | Reached XP level 1. HP: 16/16 MP: 1/1
   127 | D:1      | Reached XP level 2. HP: 22/22 MP: 2/2
   645 | D:1      | Reached XP level 3. HP: 18/27 MP: 3/3
   818 | D:1      | Reached skill level 1 in Armour
  1332 | D:2      | Reached XP level 4. HP: 34/34 MP: 4/4
  1399 | D:2      | Reached skill level 2 in Armour
  1555 | D:2      | Found an iron altar of Okawaru.
  1555 | D:2      | Noticed a crocodile
  1823 | D:2      | Became a worshipper of Warmaster Okawaru
  2238 | D:3      | Reached skill level 5 in Crossbows
  2510 | D:2      | Reached XP level 5. HP: 29/39 MP: 5/5
  2792 | D:3      | Reached skill level 3 in Armour
  3135 | D:3      | Found a radiant altar of Vehumet.
  3717 | D:4      | Reached XP level 6. HP: 45/47 MP: 6/6
  3719 | D:4      | Found a white marble altar of Elyvilon.
  3786 | D:4      | Found a transporter.
  3790 | D:4      | Noticed Necrophagist's ghost (amateur GrFi)
  4018 | D:3      | Reached skill level 4 in Armour
  4282 | D:4      | Noticed an ogre
  4604 | D:4      | Found a shimmering altar of Xom.
  4670 | D:4      | Reached skill level 5 in Armour
  4670 | D:4      | Reached XP level 7. HP: 40/52 MP: 7/7
  4823 | D:4      | Found Hepyuk's Jewellery Shoppe.
  4830 | D:4      | Reached * piety under Okawaru
  5077 | D:4      | Found a staircase to the Ecumenical Temple.
  5217 | D:4      | Found a transporter.
  5315 | D:5      | Entered Level 5 of the Dungeon
  5321 | D:5      | Reached skill level 6 in Armour
  5559 | D:5      | Reached skill level 1 in Axes
  5559 | D:5      | Reached XP level 8. HP: 44/60 MP: 8/8
  6225 | D:6      | Reached skill level 1 in Invocations
  6344 | D:6      | Reached ** piety under Okawaru
  6494 | D:6      | Reached skill level 7 in Armour
  6841 | D:6      | Found an ornate altar of the Wu Jian Council.
  6863 | D:6      | Reached XP level 9. HP: 66/66 MP: 10/10
  6929 | D:6      | Noticed a four-headed hydra
  7339 | D:6      | Slain by a three-headed hydra

Levels and vault maps discovered:
D:1:      psy_arrival_statuary, layout_basic
D:2:      layout_loops_ring, okawaru_trees_2
D:3:      layout_loops_ring, overflow_temple_1_default, minmay_rat_hole
D:4:      layout_rooms, led_xom_imps, minmay_temple_entry_glass,
          gammafunk_ghost_stat_death, serial_shops, nicolae_shop_trees,
          grunt_decor_arrowhead, elyvilon_altar_5
D:5:      layout_basic, first_ration
D:6:      minmay_goblin_kobold_castle, layout_loops_cross, kennysheep_mini_moat

Skill      XL: |  1  2  3  4  5  6  7  8  9 |
---------------+----------------------------+-----
Armour         | 1 2 3 5 6 7 |  7.3
Crossbows      | 5 6 |  6.5
Fighting       | 3 4 |  4.7
Axes           | 1 3 4 |  4.1
Invocations    | 2 |  2.8
Short Blades   | |  0.1
Dodging        | |  1.7
Stealth        | |  1.2

Action                   |  1- 3 |  4- 6 |  7- 9 || total
-------------------------+-------+-------+-------++-------
Melee: Short sword       |   117 |    92 |       ||   209
       Flail             |       |   201 |     6 ||   207
       War axe           |       |       |    97 ||    97
 Fire: Hand crossbow     |     7 |    41 |    75 ||   123
Throw: Dart              |       |     3 |    12 ||    15
Invok: Heroism           |       |       |     4 ||     4
 Stab: Sleeping          |     2 |       |       ||     2
  Eat: Chunk             |     1 |    11 |     6 ||    18
       Ration            |       |       |     1 ||     1
Armor: Leather armour    |    27 |     2 |       ||    29
       Chain mail        |       |   227 |    86 ||   313
Dodge: Dodged            |    69 |   168 |    66 ||   303

Table legend:
 A = Non-vault XP
 B = Vault XP
 C = Vault XP percentage of total XP
 D = Non-vault monster count
 E = Vault monster count
 F = Vault count percentage of total count
                 A         B        C        D         E       F
            +---------+---------+-------+---------+---------+-------
      Total |    1939 |     226 |  10.4 |     125 |      27 |  17.8
            +---------+---------+-------+---------+---------+-------
        D:1 |      41 |       0 |   0.0 |      23 |       0 |   0.0
        D:2 |      54 |       0 |   0.0 |      27 |       0 |   0.0
        D:3 |     165 |      20 |  10.8 |      28 |      19 |  40.4
        D:4 |     271 |     198 |  42.2 |      17 |       4 |  19.0
        D:5 |     309 |       0 |   0.0 |      12 |       0 |   0.0
        D:6 |    1099 |       8 |   0.7 |      18 |       4 |  18.2
            +---------+---------+-------+---------+---------+-------
